 Dungeon Crawl Stone Soup version 0.31-a0-142-g31f6795574 (console) character file.

Game seed: 6835555076441695164

165 jejorda2 the Slasher (level 5, -2/47 HPs)
             Began as a Draconian Berserker on June 3, 2023.
             Was a Believer of Trog.
             Slain by Grinder (6 damage)
             ... on level 4 of the Dungeon.
             The game lasted 00:05:19 (2884 turns).

jejorda2 the Slasher (Draconian Berserker)          Turns: 2884, Time: 00:05:20

Health: -2/47      AC:  5    Str: 21    XL:     5   Next: 21%
Magic:  0/5        EV: 12    Int:  7    God:    Trog [**....]
Gold:   210        SH:  0    Dex: 11    Spells: 4/4 levels left

rFire   . . .        h - +4 dagger
rCold   . . .        (no shield)
rNeg    + . .        (body armour unavailable)
rPois   .            (helmet restricted)
rElec   .            (no cloak)
rCorr   .            (no gloves)
SInv    .            (no boots)
Will    .....        p - amulet of guardian spirit
Stlth   +            n - ring of positive energy
HPRegen 0.27/turn    (no ring)
MPRegen 0.09/turn

%: guardian spirit
@: on berserk cooldown, slowed, very slow
A: AC +5, unfitting armour, cold-blooded
a: Renounce Religion, Berserk, Trog's Hand


You were on level 4 of the Dungeon.
You worshipped Trog.
Trog was pleased with you.
You visited 1 branch of the dungeon, and saw 4 of its levels.

You collected 210 gold pieces.

Inventory:

Hand Weapons
 a - a +0 falchion
 c - a +0 dagger
 h - a +4 dagger (weapon)
Missiles
 d - 36 stones (quivered)
 f - 6 silver boomerangs
 m - 4 poisoned darts
 y - 6 javelins
Jewellery
 n - a ring of positive energy (left hand)
 p - an amulet of guardian spirit (around neck)
 u - a +4 ring of protection
Wands
 w - a wand of mindburst (10)
Scrolls
 e - 2 scrolls of immolation {unknown}
 g - a scroll of fog {unknown}
 i - a scroll of vulnerability {unknown}
 j - 2 scrolls of magic mapping {unknown}
 o - a scroll of enchant weapon {unknown}
 q - 2 scrolls of enchant armour {unknown}
 s - a scroll of torment {unknown}
 v - a scroll of amnesia {unknown}
 x - 3 scrolls of teleportation {unknown}
 z - a scroll of silence {unknown}
Potions
 b - 3 potions of curing {unknown}
 k - a potion of haste {unknown}
 l - 2 potions of heal wounds {unknown}
 r - 2 potions of might {unknown}
 t - 3 potions of attraction {unknown}


   Skills:
 + Level 4.6 Fighting
 * Level 5.1 Long Blades
 - Level 2.6 Dodging


You had 4 spell levels left.
You didn't know any spells.
Your spell library was empty.

Dungeon Overview and Level Annotations

Branches:
Dungeon (4/15)
 Temple: D:4-7

Altars:
Hepliaklqana
Kikubaaqudgha

Shops:
D:1 [

Annotations:
D:4 Grinder


Innate Abilities, Weirdness & Mutations

Your plain brown scales are hard. (AC +5)
You cannot fit into any form of body armour.
You are cold-blooded and may be slowed by cold attacks.


Message History

Deactivating autopickup; reactivate with Ctrl-A.
Your skin crawls.
You feel strong-willed.
You see here a +0 leather armour.
Something tries to affect you, but you resist.
A red film seems to cover your vision as you go berserk!
You feel yourself moving faster!
You feel mighty!
You feel a strong urge to attack something.
You feel your anger nearly subside.
You are no longer berserk.
You are exhausted.
You feel yourself slow down. Something hits you but does no damage.
Something tries to affect you, but you resist.
You closely miss something. You hit something. Something hits you!
You hit something.
Your tail-slap misses something.
Something hits you!
You hit something. Something hits you!
You writhe in agony.
You hit something. Something hits you but does no damage. Something hits you!
You hit something.
You feel the effects of Trog's Hand fading.
Something hits you.
You writhe in agony.
You barely miss something.
Your tail-slap misses something.
Something hits you but does no damage.
You hit something. Something hits you but does no damage.
You barely miss something. Something hits you.
You writhe in agony.
Something barely misses you.
You miss something.
Your skin stops crawling.
You feel less strong-willed. Something hits you.
You writhe in agony.
You hit something. Something hits you!
* * * LOW HITPOINT WARNING * * *
You writhe in agony.
* * * LOW HITPOINT WARNING * * *
You hit something.
Your tail-slap misses something.
Something hits you.
* * * LOW HITPOINT WARNING * * *
You writhe in agony.
* * * LOW HITPOINT WARNING * * *
Something hits you.
You die...

####### #########
###########.....# #.......#
###.........#.....## #.......#
..#.....>...#.....[###.......#
............#...@............#
....###...############.......#
....##..........# ##.......#
....##.##.......#####........####
....##.##.............#.#.#......
....##.##)......#######.#.#......
...###.##.............#.#.#......
..####.#.........####.#.#.#......
#<..##.............##...#.#......


There were no monsters in sight!

Vanquished Creatures
  An iguana (D:4)
  3 gnolls (D:4)
  3 adders
  A worm (D:2)
  5 dart slugs
  6 bats
  5 endoplasms
  A giant cockroach (D:1)
  7 hobgoblins
  7 jackals
  A quokka (D:2)
  3 ball pythons
  2 frilled lizards
  7 goblins
  13 kobolds
  7 rats
72 creatures vanquished.

Notes
Turn   | Place    | Note
-------+----------+-------------------------------------------
     0 | D:1      | jejorda2 the Draconian Berserker began the quest for the
                  | Orb.
     0 | D:1      | Reached XP level 1. HP: 19/19 MP: 1/1
   156 | D:1      | Reached XP level 2. HP: 26/26 MP: 2/2
   631 | D:1      | Found Mufuu's Antique Armour Emporium.
   978 | D:2      | Reached XP level 3. HP: 32/33 MP: 3/3
  1008 | D:2      | Reached ** piety under Trog
  1085 | D:2      | Reached skill level 4 in Long Blades
  1396 | D:2      | Identified the +0 ring mail "Zejiathi" {Harm rPois rC-
                  | Str+4}
  1845 | D:3      | Reached XP level 4. HP: 38/40 MP: 4/4
  2113 | D:3      | Found an ancient bone altar of Kikubaaqudgha.
  2122 | D:3      | Found a hazy altar of Hepliaklqana.
  2686 | D:4      | Reached skill level 5 in Long Blades
  2686 | D:4      | Reached XP level 5. HP: 46/47 MP: 5/5
  2860 | D:4      | Noticed Grinder
  2884 | D:4      | Slain by Grinder

Illustrated notes

Levels and vault maps discovered:
D:1:      shiori_arrival_oz, layout_basic, serial_shops, shop
D:2:      layout_basic, grunt_decor_junction
D:3:      layout_basic, mainiacjoe_overflow_swirl
D:4:      layout_rooms, tgw_xom, nicolae_kite_square_tiling_tiny,
          amcnicky_mini_rare_corridor_liquid, uniq_grinder

Skill      XL: |  1  2  3  4 |
---------------+-------------+-----
Long Blades    | 4 5 |  5.1
Fighting       | 4 |  4.6
Dodging        | |  2.6

Action                     |  1- 3 |  4- 6 || total
---------------------------+-------+-------++-------
  Melee: Falchion          |    91 |       ||    91
         Tailslap          |    16 |    11 ||    27
         Punch             |     1 |       ||     1
         Dagger            |    42 |    89 ||   131
  Throw: Stone             |     1 |     5 ||     6
 Invoke: Berserk           |     1 |     2 ||     3
         Trog's Hand       |       |     1 ||     1
 Armour: Skin              |    31 |    11 ||    42
  Dodge: Dodged            |    71 |    36 ||   107

Table legend: (Time is in decaauts)
 A = Elapsed time spent in this place.
 B = Non-inter-level travel time spent in this place.
 C = Inter-level travel time spent in this place.
 D = Time resting spent in this place.
 E = Time spent auto-exploring this place.
 F = Levels seen in this place.
 G = Mean time per level.
                   A        B        C        D        E       F      G
               +--------+--------+--------+--------+--------+-----+--------+
         Total |   2904 |   2847 |     57 |     79 |   2219 |   4 |  726.0 |
       Dungeon |   2904 |   2847 |     57 |     79 |   2219 |   4 |  726.0 |
               +--------+--------+--------+--------+--------+-----+--------+

Top non-repeatable levels by time:
     D:1: 974 daAuts
     D:2: 829 daAuts
     D:3: 594 daAuts
     D:4: 505 daAuts
